 Dungeon Crawl Stone Soup version 0.25.0-33-gff14898491 (webtiles) character file.

Game seed: 5872883378365868657

520 nikku the Sneak (level 7, -1/47 HPs)
             Began as an Octopode Assassin on July 7, 2020.
             Slain by an orc
             ... wielding a +0 dagger
              (2 damage)
             ... on level 3 of the Dungeon.
             The game lasted 00:12:44 (3181 turns).

nikku the Sneak (Octopode Assassin)                 Turns: 3181, Time: 00:12:44

Health: -1/47      AC:  1    Str: 11    XL:     7   Next: 21%
Magic:  7/7        EV: 14    Int: 13    God:
Gold:   148        SH:  0    Dex: 15    Spells: 6/6 levels left

rFire    . . .     SeeInvis .   a - +2 dagger
rCold    . . .     Gourm    .   (no shield)
rNeg     . . .     Faith    .   (helmet restricted)
rPois    .         Spirit   .   (no amulet)
rElec    .         Reflect  .   k - ring of flight
rCorr    .         Harm     .   (no ring)
MR       .....                  (no ring)
Stlth    +++++.....             (no ring)
HPRegen  0.15/turn              (no ring)
MPRegen  0.10/turn              (no ring)
                                (no ring)
                                (no ring)

@: no status effects
A: almost no armour, stealthy swim, amphibious, 8 rings, constrict 8, camouflage
1, gelatinous body 1
a: Evoke Flight


You were on level 3 of the Dungeon.
You were not hungry.

You visited 1 branch of the dungeon, and saw 4 of its levels.

You collected 148 gold pieces.

Inventory:

Hand Weapons
 a - a +2 dagger (weapon)
 b - a +0 hunting sling
Missiles
 c - 2 curare-tipped darts
 e - 136 stones
 m - 2 poisoned darts (quivered)
Jewellery
 k - a ring of flight (left tentacle)
Scrolls
 f - a scroll of remove curse
Potions
 h - a potion of flight
 i - a potion of haste {unknown}
 j - a potion of curing {unknown}
 l - a potion of stabbing {unknown}
Comestibles
 d - 7 rations
 n - 3 chunks of flesh


   Skills:
 + Level 3.7 Fighting
 + Level 3.8 Short Blades
 + Level 3.7 Throwing
 + Level 3.2 Dodging
 + Level 7.2 Stealth


You had 6 spell levels left.
You didn't know any spells.
Your spell library contained the following spells:

 Spells                   Type           Power        Failure   Level  Hunger
 Magic Dart               Conj           #...         30%         1    ##.....
 Searing Ray              Conj           #.....       43%         2    ###....
 Confusing Touch          Hex            #.......     67%         3    ####...
 Dazzling Flash           Conj/Hex       #.....       67%         3    ####...
 Gell's Gravitas          Tloc           #.........   67%         3    ####...
 Fulminant Prism          Conj/Hex       #.........   97%         4    #####..
 Iskenderun's Mystic Bla  Conj/Tloc      #.......     97%         4    #####..
 Petrify                  Tmut/Erth      #.......     97%         4    #####..
 Metabolic Englaciation   Hex/Ice        #.........   100%        5    ######.
 Yara's Violent Unravell  Hex/Tmut       #.........   100%        5    ######.


Dungeon Overview and Level Annotations

Branches:
Dungeon (4/15)
 Temple: D:4-7

Altars:


Innate Abilities, Weirdness & Mutations

You cannot wear most types of armour.
You are very stealthy in the water. (Stealth+)
You are amphibious.
You can wear up to eight rings at the same time.
You can use your tentacles to constrict eight enemies at once.
Your skin changes colour to match your surroundings (Stealth+).
Your rubbery body absorbs attacks. (AC +1, EV +1)


Message History

There is a stone staircase leading down here.
Okay, then.
Okay, then.
You hit the iguana but do no damage. Your grab misses the iguana.
You squeeze the iguana, but do no damage.
The orc hits you with a +0 dagger. The iguana bites you!
You are too injured to fight recklessly!
You are too injured to fight recklessly!
You barely miss the orc. Your grab misses the orc. The orc misses you.
The orc barely misses you. The iguana closely misses you.
You hit the orc. Your grab misses the orc.
The orc is heavily wounded.
The orc hits you with a +0 hand axe.
* * * LOW HITPOINT WARNING * * *
The orc misses you. The iguana bites you!
* * * LOW HITPOINT WARNING * * *
You closely miss the orc. You grab the orc. You squeeze the orc.
You kill the orc!
The orc hits you with a +0 dagger.
You die...

.............##.######....)......
..............##...###...........
...............#....##...........
...8♣♣♣♣8......#.....##....###.##
...♣♣ ♣♣......#.................
...♣ ♣......#.....#.#.........
...♣ ♣......#.....#...#.......
...♣♣ ♣♣......#)....#..##..#....
...8♣♣♣♣8......#@.......##..#...#
..)............#lo...#.####.###..
..............####...#.# ###....
.............##..÷.#...# ####....
............##...#>##### #.....##
#..........##......# #.......
##........##.......#########.#...
.####''####.....#...#...##....#..
...##..# #.......#....#..#....#..


You could see an iguana and an orc.

Vanquished Creatures
  Sigmund (D:2)
  A howler monkey (D:3)
  Crazy Yiuf (D:2)
  Jessica (D:3)
  Natasha (thrice) (D:2)
  3 gnolls (D:4)
  6 adders
  4 worms
  A dart slug (D:3)
  2 leopard geckos
  2 orcs (D:3)
  8 bats
  8 giant cockroaches
  11 hobgoblins
  9 jackals
  2 quokkas
  3 ball pythons
  5 frilled lizards
  5 goblins
  A jackal skeleton (D:3)
  5 kobolds
  12 rats
94 creatures vanquished.

Vanquished Creatures (others)
  6 fungi (D:4)
6 creatures vanquished.

Grand Total: 100 creatures vanquished

Notes
Turn   | Place    | Note
-------+----------+-------------------------------------------
     0 | D:1      | nikku the Octopode Assassin began the quest for the Orb.
     0 | D:1      | Reached XP level 1. HP: 14/14 MP: 1/1
   159 | D:1      | Reached XP level 2. HP: 19/19 MP: 2/2
   400 | D:1      | Reached XP level 3. HP: 24/24 MP: 3/3
  1055 | D:2      | Noticed Sigmund
  1068 | D:2      | Killed Sigmund
  1068 | D:2      | Reached skill level 6 in Stealth
  1068 | D:2      | Reached XP level 4. HP: 31/31 MP: 4/4
  1068 | D:2      | Reached XP level 5. HP: 36/36 MP: 5/5
  1264 | D:2      | Noticed Natasha
  1274 | D:2      | Killed Natasha
  1274 | D:2      | Reached XP level 6. HP: 42/42 MP: 6/6
  1394 | D:2      | Noticed Natasha
  1401 | D:2      | Killed Natasha
  1482 | D:2      | Noticed Natasha
  1488 | D:2      | Killed Natasha
  1691 | D:2      | Found a runed translucent door.
  1692 | D:2      | Noticed Crazy Yiuf
  1699 | D:2      | Killed Crazy Yiuf
  2353 | D:3      | Noticed Jessica
  2356 | D:3      | Killed Jessica
  2585 | D:3      | Reached skill level 7 in Stealth
  2875 | D:3      | Reached XP level 7. HP: 46/46 MP: 7/7
  3180 | D:3      | HP: 1/47 [iguana (10)]
  3181 | D:3      | Slain by an orc

Illustrated notes

Levels and vault maps discovered:
D:1:      lightli_arrival_windingriver, layout_loops_ring
D:2:      layout_basic, uniq_sigmund, uniq_natasha, uniq_crazy_yiuf_cottage
D:3:      layout_rooms, kennysheep_big_empty_room, hangedman_decor_push,
          uniq_jessica
D:4:      old_forge, layout_gridville, serial_shops, shop, uniq_robin

Skill      XL: |  1  2  3  4  5  6 |
---------------+-------------------+-----
Fighting       | 3 |  3.7
Short Blades   | 3 |  3.8
Throwing       | 3 |  3.7
Dodging        | 2 3 |  3.2
Stealth        | 6 7 |  7.2

Action                   |  1- 3 |  4- 6 |  7- 9 || total
-------------------------+-------+-------+-------++-------
Melee: Dagger            |    40 |    71 |    16 ||   127
       Constrict         |    12 |    23 |     4 ||    39
       Tentacles         |     9 |    15 |     5 ||    29
Throw: Dart              |    57 |    66 |    26 ||   149
  Use: Scroll            |     3 |     1 |     3 ||     7
 Stab: Sleeping          |       |     2 |       ||     2
  Eat: Chunk             |       |     6 |     1 ||     7
Armor: Skin              |     2 |     3 |       ||     5
Dodge: Dodged            |    19 |    37 |    18 ||    74
